 Dungeon Crawl Stone Soup version 0.20.1-1-g8b1a95d (webtiles) character file.

116 Wazalsky the Firebug (level 5, -3/40 HPs)
             Began as a Hill Orc Fire Elementalist on Nov 6, 2017.
             Slain by a sky beast (5 damage)
             ... on level 2 of the Dungeon.
             The game lasted 00:20:10 (3404 turns).

Wazalsky the Firebug (Hill Orc Fire Elementalist)   Turns: 3404, Time: 00:20:10

Health: -3/40      AC:  4    Str: 11    XL:     5   Next: 1%
Magic:  0/8        EV: 12    Int: 16    God:
Gold:   50         SH:  0    Dex: 11    Spells: 2/8 levels left

rFire    . . .     SeeInvis .   x - -3 short sword (curse)
rCold    . . .     Gourm    .   (no shield)
rNeg     . . .     Faith    .   n - +0 robe
rPois    .         Spirit   .   v - +0 helmet
rElec    .         Reflect  .   (no cloak)
rCorr    .         Harm     .   C - +0 pair of gloves
MR       .....                  (no boots)
Stlth    ++........             (no amulet)
Regen    0.2/turn               (no ring)
MPRegen  0.2/turn               (no ring)

@: very slightly contaminated
A: no striking features
a: no special abilities


You were on level 2 of the Dungeon.
You were not hungry.

You visited 1 branch of the dungeon, and saw 3 of its levels.

You collected 50 gold pieces.

Inventory:

Hand Weapons
 d - a +3 mace of venom
 e - a +0 short sword
 h - a +0 dagger
 k - a +0 club
 o - a +0 dagger
 p - a +0 club
 t - a +0 club
 x - a cursed -3 short sword (weapon)
 A - a +0 whip
Missiles
 f - 76 stones
 q - 14 bolts
 u - 25 poisoned needles
 y - 4 javelins (quivered)
Armour
 a - a +0 robe
 l - a +0 robe
 n - a +0 robe (worn)
 r - a +0 robe
 s - a +0 chain mail
 v - a +0 helmet (worn)
 w - a +0 leather armour
 C - a +0 pair of gloves (worn)
Scrolls
 c - a scroll of enchant weapon
 g - a scroll of random uselessness
 z - a scroll of identify {unknown}
Books
 b - a book of Flames

   Spells                             Type                      Level
   a - Flame Tongue                   Conjuration/Fire             1
   b - Throw Flame                    Conjuration/Fire             2
   c - Conjure Flame                  Conjuration/Fire             3
   d - Inner Flame                    Hexes/Fire                   3
   e - Sticky Flame                   Conjuration/Fire             4
   f - Fireball                       Conjuration/Fire             5
Comestibles
 i - 3 fruits
 m - a royal jelly


   Skills:
 + Level 1.0 Fighting
 + Level 0.2 Short Blades
 + Level 0.2 Maces & Flails
 + Level 2.2 Dodging
 + Level 2.1 Stealth
 + Level 2.2 Spellcasting
 + Level 1.8 Conjurations
 + Level 4.1 Fire Magic


You had 2 spell levels left.
You knew the following spells:

 Your Spells              Type           Power        Failure   Level  Hunger
a - Flame Tongue          Conj/Fire      ##...        6%          1    #......
b - Throw Flame           Conj/Fire      ##....       9%          2    ###....
c - Inner Flame           Hex/Fire       #.......     26%         3    ###....


Dungeon Overview and Level Annotations

Branches:
Dungeon (3/15)

Altars:


Message History

Aim: a sky beast (severely wounded)
You miscast Flame Tongue.
Heat runs through your body. The sky beast barely misses you.
Casting: Flame Tongue
Confirm with . or Enter, or press ? or * to list all spells.
Aiming: Flame Tongue
Press: ? - help, Shift-Dir - straight line, f/p - sky beast
Aim: a sky beast (severely wounded)
The flame tongue hits the sky beast.
The sky beast is almost dead.
The sky beast hits you but does no damage.
Casting: Flame Tongue
Confirm with . or Enter, or press ? or * to list all spells.
Aiming: Flame Tongue
Press: ? - help, Shift-Dir - straight line, f/p - sky beast
Aim: a sky beast (almost dead)
You miscast Flame Tongue.
Nothing appears to happen.
The sky beast hits you.
* * * LOW HITPOINT WARNING * * *
The sky beast shocks you.
You die...

##.##.######### ##....
##....>........####...##
#.......................
#.<.#........#.####...##
#............#.# ##.##
#...#..##.#..#.#####.#
#...#..##.#...<....#.##.
###..<...##)##.#.###.#....
#........@>.##.#.# #.#.##.
#.#.......Y.##.#.###.#.##.
#.#..#.....(##.#..........
#.#............#..........
#.##........####.#.###.##.
#.##.###....# #.#.###.##.
#.##.# #.##.####.#.#...##.
#.##.# #.##.##.....#.#.##.
#.##.# #.##.##^###.#.#.##.


You could see a sky beast.

Vanquished Creatures
  3 gnolls (D:2)
  5 adders
  2 leopard geckos (D:1)
  An orc (D:3)
  A ball python (D:1)
  A giant cockroach (D:1)
  4 goblins
  A hobgoblin (D:3)
  3 jackals (D:1)
  A quokka (D:2)
  10 bats
  3 frilled lizards (D:1)
  7 kobolds
  5 rats
47 creatures vanquished.

Notes
Turn   | Place    | Note
-------+----------+-------------------------------------------
     0 | D:1      | Wazalsky the Hill Orc Fire Elementalist began the quest for the Orb.
     0 | D:1      | Reached XP level 1. HP: 14/14 MP: 3/3
   320 | D:1      | Reached XP level 2. HP: 19/20 MP: 2/4
   805 | D:1      | Reached XP level 3. HP: 23/26 MP: 2/5
  1804 | D:2      | Reached XP level 4. HP: 28/34 MP: 1/7
  2328 | D:2      | Reached skill level 1 in Fighting
  2751 | D:2      | Reached skill level 4 in Fire Magic
  2755 | D:2      | Learned a level 2 spell: Throw Flame
  2770 | D:3      | Learned a level 3 spell: Inner Flame
  3071 | D:3      | Reached XP level 5. HP: 37/40 MP: 6/8
  3087 | D:3      | Noticed a sky beast
  3400 | D:2      | HP: 2/40 [sky beast (6)]
  3404 | D:2      | Slain by a sky beast

Skill      XL: |  1  2  3  4 |
---------------+-------------+-----
Dodging        | 2 |  2.2
Stealth        | 2 |  2.1
Spellcasting   | 2 |  2.2
Fighting       | 1 |  1.0
Fire Magic     | 4 |  4.1
Short Blades   | |  0.2
Maces & Flails | |  0.2
Conjurations   | |  1.8

Action                   |  1- 3 |  4- 6 || total
-------------------------+-------+-------++-------
Melee: Mace              |    29 |       ||    29
       Short sword       |    15 |    27 ||    42
Throw: Javelin           |       |     1 ||     1
 Cast: Flame Tongue      |    50 |    35 ||    85
  Use: Scroll            |     3 |       ||     3
       Potion            |     1 |     3 ||     4
  Eat: Bread ration      |     1 |       ||     1
       Fruit             |       |     6 ||     6
Armor: Robe              |    25 |    10 ||    35
       Skin              |       |     6 ||     6
Dodge: Dodged            |    52 |    28 ||    80
